 Dungeon Crawl Stone Soup version 0.19-a0-644-gd04d753 (webtiles) character file.

16343 st0uf the Cleaver (level 12, -2/94 HPs)
             Began as a Formicid Fighter on June 14, 2016.
             Was a High Priest of Uskayaw.
             Killed from afar by an orc sorcerer (28 damage)
             ... with a bolt of negative energy
             ... on level 2 of the Orcish Mines.
             The game lasted 01:09:18 (12168 turns).

st0uf the Cleaver (Formicid Fighter)               Turns: 12168, Time: 01:09:19

Health: -2/94      AC: 13    Str: 21    XL:     12   Next: 69%
Magic:  8/18       EV: 12    Int:  4    God:    Uskayaw [*****.]
Gold:   1440       SH: 26    Dex: 23    Spells: 0 memorised, 11 levels left

rFire  + . .     SeeInvis +     h - +1 battleaxe of Deskifre {freeze, rF+ Dex+2}
rCold  . . .     Gourm    .     b - +0 scale mail
rNeg   . . .     Faith    .     o - +8 large shield "Xeipsi Qutos" {Int-5 Slay+3 Stlth+}
rPois  +         Spirit   .     (helmet unavailable)
rElec  .         Dismiss  .     O - +1 cloak {rPois}
rCorr  .         Reflect  .     s - +0 pair of gloves
SustAt .         Harm     .     N - +0 pair of boots
MR     +....                    (no amulet)
Stlth  ++........               I - ring of Pantheism {Wiz Dex+3}
                                l - +4 ring of dexterity

@: drained, somewhat resistant to hostile enchantments, unstealthy
A: permanent stasis, dig shafts and tunnels, four strong arms, antennae 3
a: Dig, Shaft Self, Stomp, Line Pass, Grand Finale, Renounce Religion


You were on level 2 of the Orcish Mines.
You worshipped Uskayaw.
Uskayaw was extremely pleased with you.
You were hungry.

You visited 3 branches of the dungeon, and saw 14 of its levels.

You collected 1694 gold pieces.
You spent 254 gold pieces at shops.

Inventory:

Hand Weapons
 a - a +1 war axe
 h - the +1 battleaxe of Deskifre (weapon) {freeze, rF+ Dex+2}
   (You acquired it on level 1 of the Lair of Beasts)

   It has been specially enchanted to freeze those struck by it, causing extra
   injury to most foes and up to half again as much damage against particularly
   susceptible opponents.
   It can also slow down cold-blooded creatures.
   It affects your dexterity (+2).
   It protects you from fire.
 z - a +0 hunting sling
Missiles
 i - 427 stones (quivered)
 n - 103 sling bullets
Armour
 b - a +0 scale mail (worn)
 o - the +8 large shield "Xeipsi Qutos" (worn) {Int-5 Slay+3 Stlth+}
   (You acquired it on level 1 of the Lair of Beasts)

   It affects your intelligence (-5).
   It affects your accuracy and damage with ranged weapons and melee attacks
   (+3).
   It makes you more stealthy.
 s - a +0 pair of gloves (worn)
 N - a +0 pair of boots (worn)
 O - a +1 cloak of poison resistance (worn)
Jewellery
 l - a +4 ring of dexterity (left hand)
 I - the ring of Pantheism (right hand) {Wiz Dex+3}
   (You found it on level 11 of the Dungeon)

   [ring of wizardry]

   It improves your spell success rate.
   It affects your dexterity (+3).
 T - a +2 ring of dexterity
Wands
 c - a wand of lightning (6/15)
 x - a wand of acid (10/15)
 A - a wand of enslavement (13/24)
 B - a wand of disintegration (12/24)
 E - a wand of acid (9/15)
 G - a wand of flame (29/48)
 H - a wand of iceblast (3/15)
Scrolls
 j - 2 scrolls of identify
 k - 2 scrolls of fog
 p - 2 scrolls of recharging
 u - 2 scrolls of enchant armour
 y - 4 scrolls of amnesia
 J - a scroll of magic mapping
 P - 6 scrolls of remove curse
 S - 2 scrolls of fear
Potions
 d - a potion of might
 e - a potion of agility
 m - 2 potions of cancellation
 q - 2 potions of brilliance
 r - a potion of invisibility
 w - 3 potions of curing
 D - 3 potions of lignification
 L - 2 potions of heal wounds
 Q - 2 potions of ambrosia
 U - 2 potions of flight
 W - a potion of cure mutation
Books
 K - a book of Minor Magic

   Spells                             Type                      Level
   a - Magic Dart                     Conjuration                  1
   b - Blink                          Translocation                2
   c - Call Imp                       Summoning                    2
   d - Repel Missiles                 Charms/Air                   2
   e - Slow                           Hexes                        2
   f - Conjure Flame                  Conjuration/Fire             3
   g - Mephitic Cloud                 Conjuration/Poison/Air       3
Comestibles
 f - 11 bread rations
 g - 2 royal jellies
 t - 19 chunks of flesh
 v - 10 meat rations
 C - 2 beef jerkies
 M - 23 fruits


   Skills:
 + Level 8.3(7.7) Fighting
 + Level 11.0(10.3) Axes
 * Level 5.6(5.0) Slings
 + Level 8.2(7.5) Armour
 + Level 5.3(4.6) Dodging
 + Level 10.2(9.5) Shields
 * Level 9.2(8.5) Invocations


You had 11 spell levels left.
You didn't know any spells.

Dungeon Overview and Level Annotations

Branches:
Dungeon (11/15)            Temple (0/1) D:7            Lair (1/6) D:8
    Orc (2/2) D:11
    Elf: Orc:2

Altars:
Ashenzari
Elyvilon
Fedhas
Gozag
Hepliaklqana
Kikubaaqudgha
Makhleb
Okawaru
Pakellas
Qazlal
Trog
Uskayaw
Xom
Zin
Beogh

Shops:
D:7 *   D:9 %:[}   D:11 [   Orc:1 *   Orc:2 [([

Annotations:
D:7 tstbtto's ghost, novice CeBe


Innate Abilities, Weirdness & Mutations

You are under a permanent stasis effect.
You can dig through walls and to a lower floor.
Your four strong arms can wield two-handed weapons with a shield.
You have a pair of large antennae on your head. (SInv)


Message History

You hit the orc warrior.
You kill the orc wizard!
You freeze the orc warrior.
You kill the orc warrior!
You slash the orc warlord!
You kill the orc priest!
You kill the orc!
You freeze the orc warlord.
The orc warlord is heavily wounded.
The orc warlord closely misses you. You block the orc sorcerer's attack.
You can now merge with and destroy a victim.
You hit the orc sorcerer but do no damage.
The orc sorcerer is heavily wounded.
You barely miss the orc warlord.
The orc warlord is heavily wounded.
The orc sorcerer is no longer sharing its pain.
The orc warlord is no longer sharing its pain.
You block the orc warlord's attack. The orc sorcerer casts a spell at you.
The bolt of negative energy hits you!
You feel drained.
You die...

....)........###)[...#
.#.)))......## #8...8#
∩...()#.....# ##.†.##
.#..........# {#...#{
......#.....# { +.†.+ {
.....##.....#{ #)[.# {
#...........#####.8.#
##..........#...#o).#...
##...#......#...@o))'...#
.##.###..#..#...#)).#...#
.#...#....#.#####...#####
....###... .. 8...8#
...## ##.. #.# ∩.....∩#
...# ###._.### ....#
##### .#.## ...#


You could see an orc warlord and an orc sorcerer.

Vanquished Creatures
  An orc warlord (Orc:2)
  A centaur warrior (D:11)
  An orc high priest (Orc:2)
  4 iron golems
  3 orc sorcerers (Orc:2)
  A cyclops (Orc:2)
  A troll (D:9)
  A two-headed ogre (D:11)
  Sigmund (D:6)
  5 yaks (D:9)
  Eustachio (D:6)
  A hippogriff (D:11)
  A hungry ghost (D:11)
  5 wargs
  Edmund (D:6)
  2 water moccasins
  2 black bears
  18 orc warriors
  3 sky beasts
  A wasp (D:11)
  A necrophage (D:8)
  A phantom (D:8)
  8 ogres
  5 ice beasts
  9 centaurs
  2 big kobolds (D:8)
  3 giant frogs
  5 scorpions
  5 wights (D:11)
  5 killer bees
  A howler monkey (D:10)
  5 crimson imps
  2 giant frog zombies
  2 quasits (D:8)
  9 hounds
  7 orc priests
  3 centaur skeletons
  A giant frog skeleton (D:6)
  Crazy Yiuf (D:6)
  2 jellies
  Terence (D:3)
  2 iguanas
  19 orc wizards
  7 worker ants
  A hound zombie (D:5)
  A howler monkey zombie (D:9)
  4 gnolls (D:5)
  5 adders
  A shadow imp (D:9)
  An adder skeleton (D:9)
  4 worms
  2 dart slugs
  3 giant geckos
  67 orcs
  8 giant cockroaches
  3 goblins
  10 hobgoblins
  13 jackals
  3 kobolds
  5 quokkas
  7 bats
  3 giant newts
  6 rats
307 creatures vanquished.

Vanquished Creatures (others)
  An ugly thing (D:11)
  A jelly (D:11)
2 creatures vanquished.

Grand Total: 309 creatures vanquished

Notes
Turn   | Place    | Note
--------------------------------------------------------------
     0 | D:1      | st0uf the Formicid Fighter began the quest for the Orb.
     0 | D:1      | Reached XP level 1. HP: 18/18 MP: 1/1
   239 | D:1      | Reached XP level 2. HP: 23/24 MP: 2/2
   543 | D:2      | Found a shimmering altar of Xom.
   632 | D:2      | Reached XP level 3. HP: 29/29 MP: 3/3
   656 | D:2      | Found a glowing silver altar of Zin.
   754 | D:2      | Found an ancient bone altar of Kikubaaqudgha.
   755 | D:2      | Found a hide-covered altar of Uskayaw.
   755 | D:2      | Found a stormy altar of Qazlal.
   764 | D:2      | Became a worshipper of Uskayaw the Reveler
   803 | D:2      | Reached * piety under Uskayaw
   843 | D:2      | Reached ** piety under Uskayaw
   985 | D:2      | Reached XP level 4. HP: 33/37 MP: 4/4
   992 | D:2      | Found a faded altar of an unknown god.
  1219 | D:3      | Noticed Terence
  1228 | D:3      | Killed Terence
  1249 | D:3      | Reached *** piety under Uskayaw
  1250 | D:3      | Reached XP level 5. HP: 40/42 MP: 3/5
  1279 | D:3      | Reached skill level 1 in Dodging
  1291 | D:3      | Found a burning altar of Makhleb.
  1694 | D:4      | Reached skill level 3 in Axes
  1694 | D:4      | Reached skill level 5 in Shields
  1694 | D:4      | Reached XP level 6. HP: 42/48 MP: 6/6
  1798 | D:4      | Noticed a sky beast
  1811 | D:4      | Killed a sky beast
  1847 | D:4      | Noticed an ogre
  1852 | D:4      | Killed an ogre
  1852 | D:4      | Reached XP level 7. HP: 25/55 MP: 7/7
  2139 | D:4      | Found an iron altar of Okawaru.
  2463 | D:4      | Reached skill level 4 in Axes
  2463 | D:4      | Reached skill level 1 in Invocations
  2919 | D:5      | Entered Level 5 of the Dungeon
  3107 | D:5      | Found a blossoming altar of Fedhas.
  3109 | D:5      | Noticed a water moccasin
  3125 | D:5      | Killed a water moccasin
  3125 | D:5      | Reached skill level 5 in Armour
  3125 | D:5      | Reached XP level 8. HP: 61/61 MP: 9/9
  3194 | D:5      | Reached skill level 5 in Axes
  3194 | D:5      | Reached skill level 5 in Fighting
  3867 | D:6      | Noticed Sigmund
  3884 | D:6      | Killed Sigmund
  3893 | D:6      | Noticed Eustachio
  3901 | D:6      | Reached XP level 9. HP: 65/68 MP: 8/11
  3950 | D:6      | Killed Eustachio
  3950 | D:6      | Reached skill level 6 in Axes
  4318 | D:6      | Reached **** piety under Uskayaw
  4613 | D:6      | Noticed Edmund
  4630 | D:6      | Killed Edmund
  4635 | D:6      | Reached skill level 7 in Axes
  4705 | D:6      | Found an opulent altar of Gozag.
  4802 | D:6      | Noticed Crazy Yiuf
  4815 | D:6      | Killed Crazy Yiuf
  5512 | D:7      | Found Ivviwohe's Assorted Antiques.
  5517 | D:7      | Bought a runed war axe for 98 gold pieces
  5517 | D:7      | Bought a scroll labeled ASOEHUILUD for 28 gold pieces
  5568 | D:7      | Reached skill level 5 in Invocations
  5829 | D:7      | Reached XP level 10. HP: 54/76 MP: 13/13
  6087 | D:7      | Found a staircase to the Ecumenical Temple.
  6183 | D:7      | Noticed tstbtto's ghost (novice CeBe)
  6824 | D:8      | Found a shattered altar of Ashenzari.
  6936 | D:8      | Found a staircase to the Lair.
  6952 | D:8      | Reached skill level 8 in Axes
  6990 | D:8      | Found a bloodstained altar of Trog.
  7371 | D:8      | Found an oddly glowing altar of Pakellas.
  7402 | D:9      | Reached ***** piety under Uskayaw
  7409 | D:9      | Reached ****** piety under Uskayaw
  7424 | D:9      | Found a white marble altar of Elyvilon.
  7562 | D:9      | Found Moukaxurch's Armour Shoppe.
  7572 | D:9      | Bought a +0 cloak of poison resistance for 110 gold pieces
  7592 | D:9      | Found Ytuitta's Gadget Shop.
  7876 | D:9      | Found Foudah's Food Boutique.
  7926 | D:9      | Reached skill level 9 in Axes
  7944 | D:9      | Found a hazy altar of Hepliaklqana.
  8119 | D:9      | Found an oddly glowing altar of Pakellas.
  8162 | D:9      | Found Zinawifa's Book Shoppe.
  8305 | D:10     | Entered Level 10 of the Dungeon
  8432 | D:10     | Reached XP level 11. HP: 83/83 MP: 16/16
  9415 | Lair:1   | Entered Level 1 of the Lair of Beasts
  9429 | Lair:1   | Identified 2 scrolls of acquirement
  9430 | Lair:1   | Got a brightly glowing battleaxe
  9432 | Lair:1   | Identified the +1 battleaxe of Deskifre {freeze, rF+ Dex+2} (You acquired it on level 1 of the Lair of Beasts)
  9434 | Lair:1   | Got a dazzling large shield
  9445 | Lair:1   | Identified the +8 large shield "Xeipsi Qutos" {Int-5 Slay+3 Stlth+} (You acquired it on level 1 of the Lair of Beasts)
  9703 | D:11     | Reached skill level 1 in Slings
  9970 | D:11     | Killed a green ugly thing
 10036 | D:11     | Reached skill level 10 in Axes
 10102 | D:11     | Found a staircase to the Orcish Mines.
 10105 | D:11     | Found Efe Ozea's Armour Emporium.
 10505 | D:11     | Noticed a centaur warrior
 10554 | D:11     | Killed a centaur warrior
 10555 | D:11     | Noticed an iron golem
 10738 | D:10     | Killed an iron golem
 10810 | D:11     | Noticed an iron golem
 10810 | D:11     | Noticed an iron golem
 10835 | D:11     | Killed an iron golem
 10845 | D:11     | Got a fine amber ring
 11149 | D:11     | Noticed an iron golem
 11155 | D:11     | Killed an iron golem
 11176 | D:11     | Killed an iron golem
 11176 | D:11     | Reached XP level 12. HP: 22/92 MP: 18/18
 11237 | D:10     | Identified the ring of Pantheism {Wiz Dex+3} (You found it on level 11 of the Dungeon)
 11453 | Orc:1    | Entered Level 1 of the Orcish Mines
 11453 | Orc:1    | Found an iron altar of Okawaru.
 11522 | Orc:2    | Entered Level 2 of the Orcish Mines
 11539 | Orc:2    | Reached skill level 5 in Dodging
 11659 | Orc:1    | Found Inuoh's Assorted Antiques.
 11667 | Orc:1    | Bought a fuming golden potion for 18 gold pieces
 11967 | Orc:2    | Found a roughly hewn altar of Beogh.
 11986 | Orc:2    | Found Huymim's Antique Armour Shop.
 11994 | Orc:2    | Noticed an orc warlord
 12026 | Orc:2    | Reached skill level 5 in Slings
 12114 | Orc:2    | Killed an orc warlord
 12114 | Orc:2    | Reached skill level 10 in Shields
 12148 | Orc:2    | Noticed an orc high priest
 12149 | Orc:2    | Noticed an orc warlord
 12159 | Orc:2    | Found Kucluama's Antique Weapon Shoppe.
 12159 | Orc:2    | Found a roughly hewn altar of Beogh.
 12161 | Orc:2    | Found Gajoskoh's Antique Armour Emporium.
 12166 | Orc:2    | Killed an orc high priest
 12166 | Orc:2    | Reached skill level 11 in Axes
 12168 | Orc:2    | Killed from afar by an orc sorcerer

Vault maps used:
D:1:      nicolae_arrival_memento_mori
D:2:      lemuel_coloured_pillars_altar, lemuel_doored_altar,
          grunt_temple_overflow_open, ecumenical_altar_1, first_bread
D:3:      makhleb_heckhound_becter, kennysheep_generic_room_4, uniq_terence
D:4:      lemuel_crystal_altar, hangedman_abyss_or_decor_lesser_grid
D:5:      fedhas_altar_1
D:6:      grunt_gozag_breadcrumbs, uniq_sigmund, uniq_eustachio, uniq_edmund,
          uniq_crazy_yiuf_cottage
D:7:      gammafunk_temple_overflow_statue, minmay_temple_entry_butterflies,
          serial_shops, shop
D:8:      kennysheep_mini_moat, ashenzari_conservatory_becter, lair_0_dummy,
          blue_anna_alchemist, grunt_pakellas_basics
D:9:      kennysheep_little_box, nicolae_overflow_crystal_walls, serial_shops,
          nicolae_shop_stone, shop, nicolae_shop_waterfront, shop, basic_altar
D:11:     cheibrodos_stairvault_heist, orc_david_3, lemuel_flame_loot_1
Lair:1:   roderic_batcave, minmay_hedge_maze, serial_bayou_shore_b
Orc:1:    serial_shops, nicolae_shop_overgrown_old_shop,
          okawaru_metal_pillars_1_2
Orc:2:    grunt_orc_community_town_hall, grunt_orc_community_big_house_1,
          grunt_orc_community_big_house_2, grunt_orc_community_house_1,
          grunt_orc_community_house_1, grunt_orc_community_house_1,
          grunt_orc_community_house_2, serial_shops, shop, nicolae_shop_crystal,
          david_defended_altar_orc

Skill      XL: |  1  2  3  4  5  6  7  8  9 10 11 12 |
---------------+-------------------------------------+-----
Shields        | 4 5 6 7 8 9 10 | 10.2
Armour         | 4 5 6 7 8 |  8.2
Dodging        | 1 2 3 4 5 |  5.3
Fighting       | 4 5 6 7 8 |  8.3
Axes           | 3 4 5 7 9 10 11 | 11.0
Invocations    | 1 3 5 6 8 9 |  9.2
Slings         | 4 5 |  5.6

Action                   |  1- 3 |  4- 6 |  7- 9 | 10-12 || total
-------------------------+-------+-------+-------+-------++-------
Melee: War axe           |    81 |    87 |   382 |   324 ||   874
       Battleaxe         |       |       |       |   232 ||   232
 Fire: Hunting sling     |       |       |       |    37 ||    37
Invok: Stomp             |       |     3 |    10 |     7 ||    20
       Line Pass         |       |       |     2 |     3 ||     5
 Abil: Dig               |     5 |     1 |     3 |     5 ||    14
  Use: Scroll            |       |       |    11 |    19 ||    30
 Stab: Paralysed         |       |     2 |    10 |    64 ||    76
  Eat: Chunk             |     1 |     3 |    16 |    21 ||    41
       Fruit             |       |       |       |     1 ||     1
       Pizza             |       |       |       |     1 ||     1
Armor: Scale mail        |    42 |    34 |   113 |   144 ||   333
Dodge: Dodged            |    22 |    32 |   149 |   178 ||   381
Block: Shield            |    47 |    54 |   215 |   179 ||   495
       Large shield      |       |       |       |   239 ||   239
